 Dungeon Crawl Stone Soup version bcrawl-1.38.2 (webtiles) character file.

Game seed: 18323154591821075995

342370 AM0N the Basher (level 9, -7/69 HPs)
             Began as a Minotaur Archaeologist on Apr 24, 2023.
             Was a Follower of Ashenzari.
             Mangled by a hornet zombie (11 damage)
             ... on level 7 of the Dungeon.
             The game lasted 00:22:07 (4882 turns).

AM0N the Basher (Minotaur Archaeologist)            Turns: 4882, Time: 00:22:08

Health: -7/69      AC:  9    Str: 18    XL:     9   Next: 29%
Magic:  8/8        EV: 14    Int: 11    God:    Ashenzari [*.....]
Gold:   320        SH:  0    Dex:  8    Spells: 8/8 levels left

rFire    . . .     GDR:     19% h - +4 great mace (crush) (curse)
rCold    . . .     SeeInvis +   (shield currently unavailable)
rNeg     . . .     Gourm    .   c - +1 robe
rPois    .         Faith    .   d - +1 hat
rElec    .         Spirit   .   (no cloak)
rCorr    .         Reflect  .   p - +0 pair of gloves
MR       .....     Rnd*Tele +   j - +1 pair of boots
Stlth    ++........             u - amulet of Vision {SInv *Curse} (curse)
HPRegen  0.21/turn              (no ring)
MPRegen  0.11/turn              (no ring)

@: marked
A: retaliatory headbutt, horns 2, icy blue scales 1, clumsy 1, teleportitis 1
a: Curse Item, Renounce Religion


You were on level 7 of the Dungeon.
You worshipped Ashenzari.
Ashenzari was aware of your devotion.
You were hungry.

You visited 1 branch of the dungeon, and saw 7 of its levels.

You collected 320 gold pieces.

Inventory:

Hand Weapons
 a - a +0 whip
 b - a +0 blowgun
 h - a cursed +4 great mace of crushing (weapon)
 q - a +0 flail
Missiles
 f - 36 curare-tipped needles
 H - 39 poisoned needles
Armour
 c - a +1 robe (worn)
 d - a +1 hat (worn)
 j - a +1 pair of boots (worn)
 p - a +0 pair of gloves (worn)
 D - a +1 ring mail of fire resistance
Jewellery
 o - a -3 ring of intelligence
 r - an uncursed amulet of the gourmand
 u - the cursed amulet of Vision (around neck) {SInv *Curse}
   (You found it on level 2 of the Dungeon)

   [amulet of nothing]

   It lets you see invisible.
   It curses itself when equipped.
   It has a curse placed upon it.
 B - an uncursed ring of flight
Wands
 I - a wand of flame (16)
Scrolls
 g - 2 scrolls of magic mapping
 i - 2 scrolls of identify
 s - a scroll of enchant weapon {unknown}
 t - a scroll of enchant armour {unknown}
 w - 3 scrolls of amnesia
 x - 3 scrolls of remove curse
 E - a scroll of fear {unknown}
 F - a scroll of noise
Potions
 k - 3 potions of curing
 l - 3 potions of mutation
 m - a potion of heal wounds {unknown}
 n - a potion of brilliance
 v - a potion of agility {unknown}
 z - a potion of degeneration {unknown}
 G - a potion of berserk rage {unknown}
Comestibles
 e - 11 rations {!d}
 A - 4 chunks of flesh


   Skills:
 - Level 3.1(4.1) Fighting
 * Level 13.0(13.9) Maces & Flails
 + Level 5.6(6.7) Dodging
 - Level 3.6(4.8) Stealth


You had 8 spell levels left.
You didn't know any spells.
Your spell library was empty.

Dungeon Overview and Level Annotations

Branches:
Dungeon (7/12)             Temple (0/1) D:6            Lair (0/6) D:7

Altars:
Ashenzari
Elyvilon

Shops:
D:4 *

Annotations:
D:7 Joseph, Pikel


Innate Abilities, Weirdness & Mutations

You reflexively headbutt those who attack you in melee.
You have a pair of horns on your head.
You are partially covered in icy blue scales. (AC +2)
You are clumsy. (Dex -2)
You are occasionally teleported next to monsters.


Message History

* * * LOW HITPOINT WARNING * * *
Things that are here:
a +0 short sword; an orc corpse The warg bites the plant.
Your surroundings suddenly seem different.
A hornet zombie comes into view.
An adder comes into view.
The adder bites you.
* * * LOW HITPOINT WARNING * * *
The hornet zombie hits you but does no damage.
You are feeling hungry.
You barely miss the hornet zombie. The adder closely misses you.
You furiously retaliate!
You headbutt the adder. The hornet zombie closely misses you.
The adder barely misses you. You furiously retaliate!
You headbutt the adder, but do no damage.
You bludgeon the hornet zombie!!
The hornet zombie is severely damaged.
The hornet zombie hits you!
You die...

#.###..###.##.# ..##
#.........<##.# ...#
#####..######.##.#.###
#....# #.#.....$#
##.#.# #........#
#.#.####.........
#.#.#.##.........
#......#.........
###..)@Z............###
#...S###Z[.####.....#
#.....##.####........
#####.# ...#.........
.# ##........... .#
#...%.Z.o... .#
#.....ho(.. .#
#..PPoo... ##..o.....


You could see an adder and 2 hornet zombies.

Vanquished Creatures
  A gargoyle (D:7)
  A hippogriff (D:7)
  A warg (D:7)
  A crocodile (D:6)
  2 orc warriors
  A sky beast (D:5)
  2 phantoms (D:4)
  An ice beast (D:6)
  An ogre (D:6)
  A bullfrog (D:5)
  A kobold brigand (D:6)
  4 scorpions
  A water moccasin zombie (D:6)
  6 wights
  2 howler monkeys
  2 orc priests
  A crimson imp (D:4)
  A quasit (D:6)
  3 bullfrog skeletons
  An orc wizard (D:5)
  2 worker ants
  6 adders
  3 gnolls (D:6)
  A shadow imp (D:4)
  3 worms (D:2)
  2 dart slugs
  4 leopard geckos
  20 orcs
  2 giant cockroaches
  7 goblins
  5 hobgoblins
  14 jackals
  5 quokkas
  A bat (D:1)
  5 frilled lizards
  16 kobolds
  3 quokka skeletons
  3 rats (D:1)
136 creatures vanquished.

Notes
Turn   | Place    | Note
-------+----------+-------------------------------------------
     0 | D:1      | AM0N the Minotaur Archaeologist began the quest for the
                  | Orb.
     0 | D:1      | Reached XP level 1. HP: 16/16 MP: 0/0
   103 | D:1      | Reached XP level 2. HP: 23/23 MP: 1/1
   108 | D:1      | Reached skill level 2 in Maces & Flails
   612 | D:2      | Reached XP level 3. HP: 29/29 MP: 2/2
   641 | D:2      | Found a shattered altar of Ashenzari.
   651 | D:2      | Reached skill level 3 in Maces & Flails
  1104 | D:2      | Reached XP level 4. HP: 37/37 MP: 3/3
  1460 | D:2      | Became a worshipper of Ashenzari the Shackled
  1461 | D:2      | Found the cursed amulet of Vision {SInv *Curse}
  1811 | D:3      | Reached skill level 4 in Maces & Flails
  1858 | D:3      | Reached XP level 5. HP: 43/44 MP: 4/4
  1858 | D:3      | Identified a scroll of acquirement
  1870 | D:3      | Identified the cursed +0 buckler of Pessimism {rN+ Dex+2}
                  | (You acquired it on level 3 of the Dungeon)
  2218 | D:4      | Reached skill level 5 in Maces & Flails
  2304 | D:4      | Noticed a phantom
  2317 | D:4      | Killed a phantom
  2318 | D:4      | Reached skill level 6 in Maces & Flails
  2318 | D:4      | Reached XP level 6. HP: 44/51 MP: 5/5
  2406 | D:4      | Found Perch's General Store.
  2518 | D:4      | Reached skill level 7 in Maces & Flails
  2634 | D:4      | Reached XP level 7. HP: 57/57 MP: 6/6
  2783 | D:5      | Entered Level 5 of the Dungeon
  2833 | D:5      | Reached skill level 8 in Maces & Flails
  2867 | D:5      | Found a white marble altar of Elyvilon.
  2892 | D:5      | Reached skill level 9 in Maces & Flails
  2947 | D:5      | Reached * piety under Ashenzari
  3528 | D:6      | Found a staircase to the Ecumenical Temple.
  3589 | D:6      | Reached skill level 10 in Maces & Flails
  3589 | D:6      | Reached XP level 8. HP: 30/63 MP: 7/7
  3890 | D:6      | Reached skill level 11 in Maces & Flails
  4413 | D:7      | Noticed a hippogriff
  4419 | D:7      | Killed a hippogriff
  4420 | D:7      | Reached skill level 12 in Maces & Flails
  4468 | D:7      | Reached XP level 9. HP: 33/69 MP: 8/8
  4563 | D:7      | Noticed Joseph
  4597 | D:7      | Gained mutation: You are occasionally teleported next to
                  | monsters. [potion of mutation]
  4597 | D:7      | Gained mutation: You are clumsy. (Dex -2) [potion of
                  | mutation]
  4597 | D:7      | Gained mutation: You are partially covered in icy blue
                  | scales. (AC +2) [potion of mutation]
  4604 | D:7      | Noticed Pikel
  4782 | D:7      | Reached skill level 5 in Dodging
  4814 | D:7      | Noticed a gargoyle
  4819 | D:7      | Killed a gargoyle
  4869 | D:7      | Found a staircase to the Lair.
  4872 | D:7      | Reached skill level 13 in Maces & Flails
  4880 | D:7      | HP: 3/69 [adder (3)]
  4882 | D:7      | Mangled by a hornet zombie

Skill      XL: |  1  2  3  4  5  6  7  8  9 |
---------------+----------------------------+-----
Maces & Flails | 2 3 4 6 7 10 12 13 | 13.0
Stealth        | 3 |  3.6
Fighting       | 2 3 |  3.1
Dodging        | 4 5 |  5.6

Action                   |  1- 3 |  4- 6 |  7- 9 || total
-------------------------+-------+-------+-------++-------
Melee: Whip              |    91 |    80 |       ||   171
       Headbutt          |    12 |    11 |    12 ||    35
       Great mace        |       |    37 |   122 ||   159
Invok: Curse Item        |       |     1 |       ||     1
  Use: Scroll            |     1 |     2 |     4 ||     7
       Potion            |       |       |     6 ||     6
 Stab: Sleeping          |     2 |     2 |     2 ||     6
  Eat: Chunk             |     1 |     8 |     7 ||    16
       Ration            |       |     1 |     1 ||     2
Armor: Robe              |    23 |    47 |    47 ||   117
Dodge: Dodged            |    51 |    82 |   136 ||   269
